Map: Zielone pola

Players

saiyajin

  • Race: Protoss Protoss
  • Spawn Location: 1:00

Lets

  • Race: Protoss Protoss
  • Spawn Location: 12:00

Haggard

  • Race: Terran Terran
  • Spawn Location: 3:00

BilektCZ

  • Race: Terran Terran
  • Spawn Location: 6:00

Gracz

  • Race: Protoss Protoss
  • Spawn Location: 9:00

Obscura

  • Race: Terran Terran
  • Spawn Location: 7:00

VOD

Have the link to the VOD?

Description

Time

  • Played on: Feb. 26, 2016, 8:04 p.m.
  • Length: 15:02
Show
View Real Time Build Order
Export as new Build Order

saiyajin Protoss 

Build Orders: Nexus First 

Get SALT Encoding   

  12  0:38  Pylon  
  12  0:44  Pylon  
  12  0:59  Nexus  
  12  1:06  Probe (Chrono Boost)  
  13  1:17  Probe (Chrono Boost)  
  14  1:25  Forge  
  14  1:27  Probe (Chrono Boost)  
  15  1:38  Probe (Chrono Boost)  
  16  1:41  Assimilator  
  16  1:46  Assimilator  
  16  1:48  Probe (Chrono Boost)  
  16  1:53  Pylon  
  17  2:00  Pylon  
  17  2:04  Probe (Chrono Boost)  
  18  2:13  Probe (Chrono Boost)  
  18  2:15  Probe (Chrono Boost)  
  20  2:24  Probe (Chrono Boost)  
  20  2:25  Probe (Chrono Boost)  
  22  2:36  Probe (Chrono Boost)  
  23  2:46  Probe (Chrono Boost)  
  23  2:48  Pylon  
  24  2:54  Gateway  
  24  2:57  Probe (Chrono Boost)  
  25  3:03  Probe (Chrono Boost)  
  26  3:07  Probe (Chrono Boost)  
  27  3:13  Probe (Chrono Boost)  
  27  3:18  Probe (Chrono Boost)  
  29  3:24  Probe (Chrono Boost)  
  30  3:28  Probe (Chrono Boost)  
  31  3:34  Assimilator, Probe (Chrono Boost)  
  31  3:39  Probe (Chrono Boost)  
  33  3:47  Cybernetics Core  
  33  3:49  Probe (Chrono Boost)  
  34  4:00  Probe (Chrono Boost), Photon Cannon  
  35  4:11  Probe (Chrono Boost)  
  36  4:19  Probe (Chrono Boost)  
  36  4:21  Probe (Chrono Boost)  
  38  4:24  Stalker  
  38  4:30  Probe (Chrono Boost)  
  41  4:32  Probe (Chrono Boost)  
  41  4:37  Gateway  
  42  4:40  Probe (Chrono Boost)  
  42  4:42  Probe (Chrono Boost)  
  44  4:51  Probe (Chrono Boost)  
  45  4:54  Stalker (Chrono Boost)  
  47  5:00  Probe (Chrono Boost)  
  47  5:04  Mothership Core  
  50  5:13  Nexus  
  50  5:26  Stalker (Chrono Boost)  
  54  5:31  Stalker (Chrono Boost)  
  54  5:37  Twilight Council  
  56  5:58  Nexus  
  56  6:01  Stalker (Chrono Boost)  
  54  6:20  Pylon  
  54  6:22  Pylon  
  52  6:26  Pylon  
  52  6:35  Stalker (Chrono Boost)  
  56  6:40  Stalker (Chrono Boost), Probe  
  56  6:41  Probe  
  58  6:48  Probe  
  58  6:51  Probe  
  58  6:52  Probe  
  61  6:58  Probe  
  62  7:01  Stalker (Chrono Boost)  
  62  7:02  Probe  
  62  7:04  Probe  
  62  7:07  Stalker (Chrono Boost)  
  68  7:09  Probe  
  68  7:13  Probe  
  70  7:16  Probe  
  70  7:17  Blink (Chrono Boost)  
  71  7:23  Probe  
  71  7:28  Stalker  
  74  7:30  Gateway  
  74  7:34  Probe  
  74  7:35  Stalker  
  77  7:42  Gateway x2  
  77  7:52  Probe  
  78  7:59  Assimilator, Stalker (Chrono Boost)  
  78  8:01  Assimilator  
  78  8:03  Probe  
  78  8:05  Probe  
  83  8:07  Stalker (Chrono Boost)  
  84  8:13  Probe  
  84  8:15  Probe  
  86  8:26  Probe  
  86  8:27  Stalker (Chrono Boost)  
  89  8:36  Probe  
  89  8:39  Stalker (Chrono Boost)  
  92  8:47  Probe  
  92  8:53  Stalker x2 (Chrono Boost)  
  92  8:54  Stalker x2 (Chrono Boost)  
  101  9:01  Pylon  
  101  9:03  Pylon  
  101  9:05  Pylon  
  101  9:06  Pylon, Stalker (Chrono Boost)  
  103  9:14  Warp Gate (Chrono Boost)  
  103  9:19  Stalker x2  
  103  9:20  Stalker x2  
  111  9:34  Stalker  
  113  9:49  Stalker x2  
  113  9:50  Stalker x2  
  121  10:04  Stalker  
  123  10:19  Stalker x3  
  123  10:20  Stalker  
  129  10:34  Stalker  
  129  10:49  Stalker x3  
  129  10:50  Stalker  
  131  11:04  Stalker  
  131  11:06  Probe  
  134  11:12  Assimilator  
  134  11:15  Probe  
  134  11:17  Assimilator, Probe  
  135  11:19  Stalker x4  
  140  11:25  Probe  
  140  11:27  Probe  
  134  11:34  Stalker  
  134  11:36  Probe  
  134  11:38  Probe  
  136  11:46  Nexus  
  136  11:47  Probe  
  136  11:48  Probe  
  136  11:49  Stalker x4  
  146  12:01  Pylon x2  
  146  12:04  Pylon, Stalker  
  146  12:05  Pylon  
  146  12:07  Pylon  
  148  12:19  Stalker x4  
  156  12:34  Stalker  
  154  12:50  Nexus  
  154  13:22  Stalker  
  154  13:23  Stalker x4  
  164  13:52  Stalker  
  164  13:53  Stalker x4  
  174  14:07  Probe  
  175  14:11  Probe  
  176  14:17  Probe  
  176  14:21  Probe  
  176  14:22  Stalker  
  176  14:23  Stalker x4  
  188  14:28  Probe  
  189  14:32  Probe  
  190  14:38  Probe  
  190  14:42  Probe  
  192  14:49  Probe  
Show
View Real Time Build Order
Export as new Build Order

Lets Protoss 

Build Orders: Nexus First 

Get SALT Encoding   

  12  0:02  Probe (Chrono Boost)  
  13  0:12  Probe (Chrono Boost)  
  14  0:18  Pylon  
  14  0:23  Probe (Chrono Boost)  
  15  0:38  Probe (Chrono Boost)  
  16  1:00  Probe (Chrono Boost)  
  16  1:01  Nexus  
  17  1:13  Probe (Chrono Boost)  
  17  1:14  Gateway  
  18  1:20  Pylon  
  18  1:24  Probe (Chrono Boost)  
  19  1:34  Probe (Chrono Boost)  
  20  1:47  Gateway  
  20  1:48  Gateway  
  20  1:54  Gateway  
  20  1:57  Probe (Chrono Boost)  
  21  2:04  Assimilator  
  21  2:08  Assimilator  
  21  2:10  Probe (Chrono Boost)  
  21  2:15  Probe (Chrono Boost)  
  23  2:25  Probe (Chrono Boost)  
  24  2:32  Cybernetics Core  
  24  2:36  Probe (Chrono Boost)  
  25  2:39  Probe (Chrono Boost)  
  26  2:46  Pylon  
  26  2:47  Probe (Chrono Boost)  
  26  2:49  Probe (Chrono Boost)  
  28  2:57  Probe (Chrono Boost)  
  29  3:08  Stalker, Probe (Chrono Boost)  
  29  3:11  Stalker  
  34  3:18  Probe x2 (Chrono Boost)  
  36  3:25  Assimilator  
  36  3:27  Probe (Chrono Boost)  
  36  3:28  Warp Gate (Chrono Boost)  
  36  3:29  Probe  
  38  3:39  Pylon  
  39  3:41  Probe  
  39  3:42  Pylon  
  39  3:43  Stalker, Probe  
  39  3:46  Pylon  
  42  3:49  Pylon  
  42  3:53  Probe  
  43  3:57  Probe  
  44  4:04  Probe  
  44  4:09  Mothership Core  
  47  4:11  Gateway  
  47  4:14  Gateway  
  47  4:15  Gateway  
  47  4:19  Gateway  
  47  4:22  Forge  
  47  4:56  Protoss Ground Weapons Level 1 (Chrono Boost)  
  47  4:58  Probe  
  47  5:03  Assimilator  
  48  5:09  Probe  
  49  5:29  Probe  
  49  5:31  Nexus  
  49  5:32  Pylon  
  50  5:36  Pylon, Stalker  
  50  5:37  Stalker x6  
  50  5:38  Stalker  
  50  5:39  Probe  
  67  5:50  Probe  
  60  6:04  Stalker x5  
  68  6:15  Probe  
  69  6:27  Probe  
  70  6:38  Protoss Ground Armor Level 1 (Chrono Boost)  
  62  7:08  Stalker x3  
  62  7:09  Stalker  
  62  7:11  Probe  
  71  7:23  Probe  
  72  7:35  Stalker x6  
  72  7:36  Probe  
  85  7:47  Probe x2  
  87  7:56  Twilight Council  
  87  7:57  Probe  
  87  7:59  Probe  
  87  8:04  Robotics Facility  
  89  8:08  Pylon, Probe  
  89  8:11  Probe  
  89  8:12  Pylon  
  91  8:17  Protoss Shields Level 1 (Chrono Boost)  
  91  8:18  Probe  
  91  8:23  Probe  
  93  8:29  Probe  
  94  8:40  Probe  
  65  9:12  Stalker x5  
  65  9:13  Stalker x3  
  81  9:27  Charge  
  81  9:28  Probe  
  81  9:29  Pylon  
  82  9:32  Pylon  
  82  9:37  Pylon  
  82  9:39  Probe  
  82  9:40  Pylon  
  82  9:42  Pylon  
  82  9:45  Stalker x4  
  87  9:46  Stalker x3  
  87  9:49  Probe  
  82  10:26  Stalker x5  
  82  10:27  Protoss Ground Weapons Level 2 (Chrono Boost), Stalker x3  
  86  10:38  Gateway  
  86  10:39  Gateway  
  86  10:42  Gateway  
  86  10:45  Gateway  
  86  10:46  Probe  
  86  10:47  Gateway  
  86  10:49  Gateway  
  87  10:52  Assimilator  
  87  10:56  Assimilator  
  87  11:07  Blink (Chrono Boost)  
  85  11:16  Zealot  
  85  11:17  Zealot x6  
  85  11:18  Zealot  
  101  11:39  Zealot x6  
  113  11:40  Zealot x2  
  117  12:10  Protoss Ground Armor Level 2  
  117  12:36  Stalker  
  119  12:37  Stalker x5  
  119  12:38  Stalker x4  
  119  12:39  Stalker x3  
  135  13:19  Stalker x2  
  139  13:20  Stalker x4  
  139  13:21  Stalker x6  
  139  13:22  Stalker x2  
  145  14:05  Stalker  
  145  14:06  Stalker x5  
  145  14:07  Stalker x4  
  145  14:08  Stalker  
Show
View Real Time Build Order
Export as new Build Order

Haggard Terran 

Build Orders: Reaper Expand 

Get SALT Encoding   

  12  0:12  Supply Depot  
  12  0:20  Refinery  
  12  0:23  SCV  
  13  0:43  Barracks  
  13  1:03  SCV  
  14  1:33  Barracks Reactor  
  14  1:40  Command Center  
  14  1:51  Refinery  
  14  1:55  SCV  
  15  2:08  SCV  
  16  2:20  SCV  
  16  2:22  Reaper x2  
  19  2:32  SCV  
  20  2:54  Reaper  
  21  3:18  SCV  
  22  3:22  Factory  
  22  3:30  SCV  
  23  3:38  Orbital Command  
  23  3:42  SCV  
  24  3:49  Refinery  
  24  3:54  SCV  
  25  4:06  SCV  
  25  4:09  Factory Reactor  
  26  4:12  Factory Tech Lab  
  26  4:25  Barracks  
  26  4:28  SCV  
  27  4:40  SCV  
  28  4:51  Siege Tank  
  31  4:56  Marine  
  32  5:23  Siege Tank  
  33  5:49  Starport  
  33  5:55  Barracks Tech Lab, Siege Tank  
  25  6:20  Marine  
  25  6:21  Marine  
  27  6:26  SCV  
  27  6:27  Siege Tank  
  31  6:38  Marine x2, SCV  
  33  6:46  Medivac  
  35  6:50  SCV  
  36  6:56  Marine, SCV  
  38  7:15  Supply Depot  
  38  7:36  Marine x2, Medivac, SCV  
  43  7:46  Supply Depot  
  43  7:48  SCV  
  44  7:54  Marine  
  45  8:00  SCV  
  46  8:13  SCV  
  46  8:15  Starport Reactor  
  47  8:21  Starport  
  47  8:25  SCV  
  48  8:35  Supply Depot  
  48  8:53  SCV  
  49  9:03  Supply Depot  
  49  9:05  SCV  
  50  9:14  Marine  
  50  9:15  Marine  
  52  9:17  SCV  
  53  9:30  SCV  
  54  9:32  Marine x2  
  56  9:42  SCV  
  57  9:59  Supply Depot  
  57  10:05  Starport Reactor  
  57  10:09  Cyclone  
  60  10:16  Marine  
  61  10:35  Marauder  
  63  10:41  Cyclone  
  66  10:56  Marauder  
  68  11:13  Cyclone, Viking x2  
  68  11:17  Marauder  
  77  11:19  Marine  
  78  11:43  Supply Depot  
  78  12:04  Marine x2  
  78  12:05  Medivac x2, Marauder  
  86  12:26  Supply Depot  
  86  12:47  Viking x2  
  86  12:48  Marauder  
  92  13:09  Marauder  
  94  13:34  Supply Depot  
  94  13:55  Viking x2, Siege Tank  
  94  13:59  Supply Depot  
  101  14:08  Barracks  
  101  14:21  Marauder  
  103  14:27  Siege Tank  
  110  14:56  Supply Depot  
  110  15:00  Supply Depot  
Show
View Real Time Build Order
Export as new Build Order

BilektCZ Terran 

Build Orders:  

Get SALT Encoding   

  12  0:04  SCV  
  13  0:16  SCV  
  14  0:28  SCV  
  15  0:40  Supply Depot  
  15  0:48  Refinery  
  15  0:55  Refinery  
  15  1:01  SCV  
  16  1:11  Barracks  
  16  1:13  SCV  
  17  1:25  SCV  
  18  1:38  SCV  
  19  1:50  SCV  
  20  1:59  Supply Depot  
  20  2:02  SCV  
  21  2:14  SCV  
  22  2:26  SCV  
  23  2:35  Engineering Bay  
  23  2:38  SCV  
  24  3:03  Supply Depot  
  24  3:04  Barracks Reactor  
  24  3:09  Supply Depot  
  24  3:29  Missile Turret  
  24  3:33  Barracks  
  24  3:50  Missile Turret  
  24  4:06  Marine x2  
  26  4:12  Missile Turret  
  26  4:24  Marine x2  
  28  4:32  Missile Turret  
  28  4:41  Marine  
  29  4:52  Missile Turret  
  29  5:12  Missile Turret  
  21  5:32  Missile Turret  
  21  5:36  SCV  
  22  5:49  SCV  
  23  5:52  Missile Turret  
  22  6:01  SCV  
  23  6:09  Marine x2  
  25  6:13  SCV  
  25  6:14  Barracks Tech Lab  
  25  6:16  Missile Turret  
  26  6:25  SCV  
  27  6:27  Marine x2  
  29  6:36  Missile Turret  
  29  6:39  SCV  
  30  6:44  Marine  
  30  6:45  Marine  
  32  6:51  SCV  
  33  6:57  Missile Turret  
  33  7:02  Marine x2  
  33  7:03  SCV  
  33  7:04  Marauder  
  38  7:17  Missile Turret  
  38  7:25  Marauder  
  40  7:33  Bunker  
  40  7:37  Missile Turret  
  40  7:58  Missile Turret  
  40  8:06  Bunker  
  40  8:18  Missile Turret  
  40  8:37  Supply Depot  
  40  8:38  Missile Turret  
  40  8:51  Terran Infantry Weapons Level 1  
  40  9:02  Supply Depot  
  40  9:25  Planetary Fortress  
  40  9:58  Marine x2  
  42  10:03  Marauder  
  44  10:15  Marine  
  44  10:16  Marine  
  44  10:17  Ghost Academy  
  46  10:25  Marauder  
  48  10:33  Factory  
  48  10:45  Terran Infantry Armor Level 1  
  48  11:28  Factory Tech Lab  
  48  11:39  Armory  
  48  11:42  Supply Depot  
  48  12:14  Factory  
  48  12:31  Starport  
  48  13:04  Supply Depot  
  48  13:10  Supply Depot  
Show
View Real Time Build Order
Export as new Build Order

Gracz Protoss 

Build Orders:  

Get SALT Encoding   

  12  0:12  Probe (Chrono Boost)  
  13  0:23  Probe (Chrono Boost)  
  13  0:27  Pylon  
  14  0:33  Probe (Chrono Boost)  
  15  0:45  Probe (Chrono Boost)  
  16  1:04  Probe (Chrono Boost)  
  17  1:15  Probe (Chrono Boost)  
  17  1:18  Nexus  
  18  1:52  Nexus  
  18  2:00  Assimilator  
  18  2:04  Assimilator  
  18  2:05  Assimilator, Probe (Chrono Boost)  
  19  2:09  Assimilator  
  19  2:11  Assimilator  
  19  2:16  Assimilator, Probe (Chrono Boost)  
  20  2:36  Probe (Chrono Boost)  
  21  2:37  Probe (Chrono Boost)  
  22  2:46  Probe (Chrono Boost)  
  22  2:48  Probe (Chrono Boost)  
  24  2:57  Probe (Chrono Boost)  
  26  2:58  Probe (Chrono Boost)  
  26  3:07  Probe x2 (Chrono Boost)  
  26  3:09  Probe (Chrono Boost)  
  29  3:17  Probe (Chrono Boost)  
  29  3:18  Probe (Chrono Boost)  
  29  3:19  Probe (Chrono Boost)  
  32  3:28  Probe x2 (Chrono Boost)  
  32  3:30  Probe (Chrono Boost)  
  35  3:38  Pylon, Probe (Chrono Boost)  
  35  3:39  Probe (Chrono Boost)  
  35  3:40  Probe (Chrono Boost)  
  38  3:42  Pylon  
  38  3:46  Pylon  
  38  3:49  Pylon, Probe (Chrono Boost)  
  38  3:50  Probe (Chrono Boost)  
  38  3:53  Pylon  
  40  3:57  Pylon  
  40  4:06  Probe (Chrono Boost)  
  41  4:18  Probe (Chrono Boost)  
  41  4:20  Probe (Chrono Boost)  
  43  4:29  Probe (Chrono Boost)  
  43  4:30  Probe x2 (Chrono Boost)  
  46  4:40  Probe (Chrono Boost)  
  46  4:41  Probe x2 (Chrono Boost)  
  49  4:50  Probe (Chrono Boost)  
  49  4:51  Probe (Chrono Boost)  
  51  4:59  Gateway  
  51  5:01  Probe (Chrono Boost)  
  51  5:02  Probe (Chrono Boost)  
  53  5:12  Probe (Chrono Boost)  
  54  5:23  Probe (Chrono Boost)  
  55  5:33  Forge, Probe (Chrono Boost)  
  56  5:44  Probe (Chrono Boost)  
  57  5:54  Cybernetics Core  
  55  6:36  Pylon  
  55  6:39  Pylon  
  53  6:43  Pylon  
  53  6:44  Stargate  
  49  6:47  Stargate, Pylon  
  49  6:50  Stargate  
  49  6:51  Stargate  
  49  6:53  Stargate  
  49  6:56  Stargate  
  49  6:57  Probe (Chrono Boost)  
  49  6:59  Stargate  
  48  7:07  Probe (Chrono Boost)  
  39  7:11  Mothership Core (Chrono Boost)  
  40  7:18  Probe (Chrono Boost)  
  40  7:20  Stalker  
  43  7:29  Probe (Chrono Boost)  
  44  7:39  Probe x2 (Chrono Boost)  
  44  7:41  Probe (Chrono Boost)  
  47  7:50  Fleet Beacon, Stalker, Probe x2 (Chrono Boost)  
  51  7:51  Probe (Chrono Boost)  
  51  7:57  Void Ray x2 (Chrono Boost)  
  51  7:58  Void Ray x3 (Chrono Boost)  
  80  7:59  Void Ray x2 (Chrono Boost)  
  80  8:00  Probe (Chrono Boost)  
  81  8:10  Pylon  
  81  8:16  Pylon  
  81  8:39  Void Ray x2 (Chrono Boost)  
  81  8:40  Void Ray (Chrono Boost)  
  105  8:44  Void Ray x2 (Chrono Boost)  
  105  8:45  Void Ray x2 (Chrono Boost)  
  76  9:09  Probe  
  77  9:11  Probe  
  77  9:14  Probe  
  77  9:16  Tempest (Chrono Boost)  
  87  9:17  Tempest (Chrono Boost)  
  87  9:21  Probe  
  87  9:23  Probe  
  89  9:26  Probe  
  89  9:27  Void Ray (Chrono Boost)  
  89  9:31  Void Ray x3 (Chrono Boost)  
  106  9:34  Probe  
  107  9:46  Probe  
  107  9:49  Void Ray (Chrono Boost)  
  107  9:50  Tempest (Chrono Boost)  
  112  9:53  Tempest (Chrono Boost)  
  112  9:54  Mothership Core  
  112  9:58  Probe  
  123  10:01  Warp Gate (Chrono Boost)  
  123  10:14  Pylon  
  62  10:49  Void Ray (Chrono Boost)  
  55  10:50  Void Ray (Chrono Boost)  
  55  10:51  Void Ray (Chrono Boost)  
  55  10:54  Void Ray x2 (Chrono Boost)  
  58  11:08  Probe  
  58  11:09  Probe  
  50  11:14  Void Ray (Chrono Boost)  
  55  11:20  Void Ray (Chrono Boost)  
  55  11:21  Probe  
  50  11:45  Probe  
  51  11:57  Probe  
  51  12:00  Void Ray (Chrono Boost)  
  56  12:10  Pylon, Probe  
  56  12:13  Pylon  
  57  12:17  Assimilator  
  57  12:22  Probe  
  58  12:34  Probe  
  27  12:59  Void Ray (Chrono Boost)  
  25  13:17  Void Ray (Chrono Boost)  
  25  13:32  Void Ray (Chrono Boost)  
Show
View Real Time Build Order
Export as new Build Order

Obscura Terran 

Build Orders:  

Get SALT Encoding   

  12  0:02  SCV  
  13  0:14  SCV  
  13  0:20  Supply Depot  
  14  0:26  SCV  
  15  0:46  Barracks  
  15  0:47  SCV  
  16  0:54  Refinery  
  16  0:59  SCV  
  17  1:09  Barracks  
  17  1:11  SCV  
  18  1:23  SCV  
  19  1:26  Refinery  
  19  1:35  Marine, SCV  
  21  1:43  Supply Depot  
  21  1:47  SCV  
  22  1:59  SCV  
  23  2:06  Barracks Reactor  
  23  2:10  Barracks Tech Lab  
  23  2:11  Factory  
  23  2:17  Engineering Bay  
  23  2:20  SCV  
  24  2:31  Marine  
  25  2:52  Missile Turret  
  25  2:57  Factory Tech Lab  
  25  3:01  Starport  
  25  3:02  Marine x2  
  27  3:08  Orbital Command  
  27  3:21  Supply Depot  
  27  3:41  Starport Reactor  
  27  3:48  Missile Turret  
  27  3:54  Missile Turret  
  27  3:56  Siege Tank  
  30  4:04  Liberator  
  30  4:11  Liberator  
  30  4:15  Command Center  
  30  4:20  Supply Depot  
  36  4:34  Combat Shields  
  36  4:57  Supply Depot  
  36  5:26  Siege Tank  
  36  5:27  Medivac x2  
  43  5:35  Supply Depot  
  43  5:53  Concussive Shells  
  43  6:02  Marine x2  
  43  6:03  Marauder  
  44  6:19  Marine  
  44  6:20  Marine  
  44  6:24  Marauder  
  44  6:25  Supply Depot  
  45  6:27  Siege Tank  
  45  6:31  Medivac  
  50  6:37  Marine x2  
  52  6:46  Marauder  
  52  6:50  Planetary Fortress  
  46  6:55  Marine, Supply Depot  
  38  7:26  Marine x3  
  41  7:35  SCV  
  42  7:44  Marine x3  
  43  7:47  SCV  
  46  7:59  SCV  
  46  8:00  Siege Tank  
  46  8:02  Marauder  
  52  8:08  Medivac  
  52  8:11  SCV  
  55  8:23  SCV  
  55  8:24  Marauder  
  55  8:26  Missile Turret  
  58  8:32  Siege Tank  
  60  8:36  SCV  
  60  8:41  Missile Turret  
  60  8:45  Marauder  
  60  8:47  Missile Turret  
  52  9:03  Marine x2  
  52  9:06  Marine  
  52  9:07  Viking  
  52  9:20  Marine, Viking  
  52  9:21  Marine  
  52  9:24  Marine  
  56  9:38  Marine x2  
  56  9:39  SCV  
  56  9:42  Marauder  
  61  9:51  SCV  
  62  9:56  Marine x2  
  64  10:03  SCV, Marauder  
  63  10:14  Marine x2  
  48  10:15  SCV  
  43  10:24  Marine  
  43  10:27  SCV  
  45  10:32  Marine x2  
  45  10:39  SCV  
  45  10:42  Marine  
  42  10:46  Widow Mine  
  42  10:49  Marine  
  43  10:50  Marine  
  43  10:51  SCV  
  46  11:00  Marauder  
  46  11:07  Marine x2  
  48  11:14  Widow Mine  
  50  11:22  Marauder  
  50  11:25  Marine  
  52  11:30  Marine  
  44  11:43  Marine, Marauder, Widow Mine  
  49  11:48  Marine  
  49  11:50  SCV  
  51  12:02  SCV  
  51  12:05  Marauder  
  54  12:10  Medivac x2  
  54  12:11  Widow Mine  
  60  12:26  Marauder  
  53  12:47  Marauder  
Tags
 
Add a new tag
Caveats
  • Supply blocks, unpowered buildings, or Contaminate may cause inaccurate times.
  • Supply counts are checked every 10 seconds.